 Dungeon Crawl Stone Soup version 0.30.1-4-g462c640d31 (webtiles) character file.

Game seed: 16084363558404010975

162 rvierbuc the Conjurer (level 4, -4/33 HPs)
             Began as a Demigod Conjurer on Aug 20, 2023.
             Slain by an orc
             ... wielding a +0 flail
              (8 damage)
             ... on level 3 of the Dungeon.
             The game lasted 00:17:19 (2436 turns).

rvierbuc the Conjurer (Demigod Conjurer)            Turns: 2436, Time: 00:17:20

Health: -4/33      AC:  2    Str:  8    XL:     4   Next: 99%
Magic:  7/10       EV: 12    Int: 24    God:
Gold:   172        SH:  5    Dex: 12    Spells: 4/7 levels left

rFire   . . .        c - +0 dagger (drain)
rCold   . . .        (no shield)
rNeg    . . .        a - +0 robe
rPois   .            (no helmet)
rElec   .            (no cloak)
rCorr   .            (no gloves)
SInv    .            (no boots)
Will    .....        n - amulet of reflection
Stlth   ++           (no ring)
HPRegen 0.25/turn    (no ring)
MPRegen 0.12/turn

%: reflection
@: lethally poisoned (-4 -> -7)
A: high MP 1, forlorn, divine attributes
a: no special abilities


You were on level 3 of the Dungeon.
You visited 1 branch of the dungeon, and saw 3 of its levels.

You collected 172 gold pieces.

Inventory:

Hand Weapons
 c - a +0 dagger of draining (weapon)
 h - a +0 hand axe of freezing
Missiles
 t - 2 throwing nets
 v - 4 javelins
Armour
 a - a +0 robe (worn)
 u - the +1 leather armour of the Well-Known Priests {rN++ MP-9 Dex+4}
   (You found it on level 3 of the Dungeon)

   Dex:       It affects your dexterity (+4).
   rN:        It greatly protects you from negative energy.
   MP:        It affects your magic capacity (-9).
Magical Staves
 p - a staff of death
Jewellery
 n - an amulet of reflection (around neck)
Wands
 s - a wand of quicksilver (11)
Scrolls
 e - a scroll of noise {unknown}
 f - a scroll of blinking {unknown}
 j - a scroll of immolation {unknown}
 k - 2 scrolls of vulnerability {unknown}
 m - 4 scrolls of identify {unknown}
 o - a scroll of amnesia {unknown}
 r - a scroll of fear {unknown}
Potions
 b - 3 potions of magic
 d - a potion of curing {unknown}
 g - 2 potions of lignification {unknown}
 i - a potion of might {unknown}
 l - a potion of cancellation {unknown}
 q - a potion of degeneration {unknown}


   Skills:
 + Level 2.0 Dodging
 + Level 2.7 Stealth
 + Level 0.3 Shields
 + Level 2.3 Spellcasting
 + Level 5.1 Conjurations


You had 4 spell levels left.
You knew the following spells:

 Your Spells              Type           Power      Damage    Failure   Level
a - Magic Dart            Conj           100%       1d8       1%          1
b - Searing Ray           Conj           54%        2d6       2%          2

Your spell library contained the following spells:

 Spells                   Type           Power      Damage    Failure   Level
 Beastly Appendage        Tmut           4%         N/A       12%         1
 Dazzling Flash           Conj/Hex       30%        N/A       12%         3
 Ensorcelled Hibernation  Hex/Ice        4%         N/A       17%         2
 Wereblood                Tmut           2%         N/A       17%         2
 Spider Form              Tmut/Pois      2%         N/A       34%         3
 Volatile Blastmotes      Fire/Tloc      4%         2d10      34%         3
 Fulminant Prism          Conj/Hex       7%         3d7       38%         4
 Iskenderun's Mystic Bla  Conj/Tloc      15%        2d5       38%         4
 Anguish                  Hex/Necr       1%         N/A       75%         4
 Lee's Rapid Deconstruct  Erth           1%         3d4*      97%         5


Dungeon Overview and Level Annotations

Branches:
Dungeon (3/15)

Annotations:
D:3 haloelite's ghost, weakling DsBe


Innate Abilities, Weirdness & Mutations

You have an increased reservoir of magic. (+10% MP)
You shall have no god before yourself.
Your divine heritage dramatically boosts your attributes as you level up.


Message History

Haloelite's ghost turns its malevolent gaze towards you.
The orc repeatedly shouts encouragement to no one in particular.
You see here a +0 robe.
Found a roughly hewn altar of Beogh.
Haloelite's ghost stares at you.
The orc complains noisily.
Found a chain mail.
Haloelite's ghost laughs, "And you think you're capable of finding the ORB?
I had it, you know.
Then I gave it away so I could steal it AGAIN."
You see here 4 javelins.
v - 4 javelins Haloelite's ghost yells, "Who would have thought, even in death it is a pleasure to sever!"
You open the gate.
The orc hits you from afar with the +11 spear of Ornamental Courage {venom, Int+4}!
You are poisoned.
The orc attacks as you move away! The orc barely misses you.
You feel very sick. The orc barely misses you.
The orc attacks as you move away! The orc hits you with a +0 dagger.
The orc attacks as you move away! The orc hits you with a +0 flail!
You feel sick.
Casting: Searing Ray (safe; 2% risk of failure)
Confirm with . or Enter, or press ? or * to list all spells.
Aiming: Searing Ray (safe; 2% risk of failure)
Press: ? - help, Shift-Dir - straight line, f - orc
Aim: an orc, wielding the +11 spear of Ornamental Courage {venom, Int+4} and wearing the +5 ring mail of Least Resistance {Will+ rCorr Int-2} (82% to hit)
The searing ray hits the orc.
The orc is severely wounded.
The searing ray hits the orc priest.
The orc priest is moderately wounded.
The searing ray misses the orc. (Press . to maintain the ray.)
You feel sick. You block the orc's attack.
The orc priest looks braver for a moment.
The orc hits you from afar with a +0 trident.
* * * LOW HITPOINT WARNING * * *
The orc closely misses you.
The searing ray hits the orc but does no damage.
* * * LOW HITPOINT WARNING * * *
You feel sick. The orc hits you with a +0 flail!
You die...

#######8.# 8....$#..# ..##..#..#
..8#..#..# ..##.o#..# ....#.#..#
[...#.'o.## _.8o#.W.o.##########
[...#.'oo@.........#
...o#.#o.####......# ..##..#..#
#......# #### ######..8#..#..#
###.#..####..>
#....#..##..#..######>..........
#....#8.....#.........##...##...
#....########8.######.####..##.#
#...............................
#......####.........#.#####.##.#


You could see an orc priest, haloelite's ghost and 6 orcs.

Vanquished Creatures
  An orc wizard (D:3)
  4 gnolls
  4 adders
  A worm (D:3)
  2 dart slugs
  3 orcs (D:3)
  9 bats
  7 endoplasms
  3 goblins
  5 hobgoblins
  4 jackals (D:1)
  A quokka (D:1)
  2 ball pythons (D:1)
  A frilled lizard (D:1)
  7 kobolds
  A rat (D:1)
55 creatures vanquished.

Notes
Turn   | Place    | Note
-------+----------+-------------------------------------------
     0 | D:1      | rvierbuc the Demigod Conjurer began the quest for the Orb.
     0 | D:1      | Reached XP level 1. HP: 14/14 MP: 5/5
   246 | D:1      | Reached skill level 4 in Conjurations
   246 | D:1      | Reached XP level 2. HP: 20/20 MP: 5/7
   249 | D:1      | Learned a level 2 spell: Searing Ray
   912 | D:2      | Reached XP level 3. HP: 19/26 MP: 2/8
  1625 | D:3      | Reached XP level 4. HP: 25/33 MP: 2/9
  1630 | D:3      | Reached skill level 5 in Conjurations
  1752 | D:3      | Identified the +1 leather armour of the Well-Known Priests
                  | {rN++ MP-9 Dex+4}
  2190 | D:3      | Found a runed translucent gate.
  2191 | D:3      | Found a runed translucent gate.
  2192 | D:3      | Found a runed translucent gate.
  2358 | D:3      | Noticed haloelite's ghost (weakling DsBe)
  2364 | D:3      | Identified the +11 spear of Ornamental Courage {venom,
                  | Int+4}
  2364 | D:3      | Identified the +5 ring mail of Least Resistance {Will+
                  | rCorr Int-2}
  2436 | D:3      | Slain by an orc

Illustrated notes

Levels and vault maps discovered:
D:1:      elethiomel_arrival_shortcut, layout_rooms,
          shapermc_ecumenical_altar_flowoftime, minmay_close_crescents
D:2:      layout_rooms, basic_altar, minmay_pentomino_s4
D:3:      layout_rooms, biasface_ghost_orc_armoury

Skill      XL: |  1  2  3  4 |
---------------+-------------+-----
Conjurations   | 4 5 |  5.1
Stealth        | 2 |  2.7
Spellcasting   | 2 |  2.3
Dodging        | 2 |  2.0
Shields        | |  0.3

Action                     |  1- 3 |  4- 6 || total
---------------------------+-------+-------++-------
  Melee: Dagger            |    14 |     2 ||    16
   Cast: Magic Dart        |    37 |     6 ||    43
         Searing Ray       |    15 |    15 ||    30
 Armour: Robe              |     4 |     8 ||    12
  Dodge: Dodged            |    33 |    30 ||    63
  Block: Other             |     2 |    10 ||    12
         Reflection        |     1 |       ||     1
